 Seeded DCSS version 0.29-a0-88-g03a7b78be7 (webtiles) character file.

Game seed: 999999999991 (custom seed)

8 knot the Skirmisher (level 2, 23/24 HPs)
             Began as a Demonspawn Berserker on Feb 5, 2022.
             Was a Follower of Trog.
             Quit the game on level 1 of the Dungeon.
             The game lasted 00:00:12 (957 turns).

knot the Skirmisher (Demonspawn Berserker)           Turns: 957, Time: 00:00:13

Health: 23/24      AC:  2    Str: 17    XL:     2   Next: 0%
Magic:  2/2        EV: 12    Int:  8    God:    Trog [*.....]
Gold:   22         SH:  4    Dex: 12    Spells: 1/1 levels left

rFire   . . .      SeeInvis .   a - +0 hand axe
rCold   . . .      Faith    .   (no shield)
rNeg    . . .      Spirit   .   b - +0 animal skin
rPois   .          Reflect  .   (no helmet)
rElec   .          Harm     .   (no cloak)
rCorr   .          Rampage  .   (no gloves)
Will    .....                   (no boots)
Stlth   +.........              (no amulet)
HPRegen 0.08/turn               (no ring)
MPRegen 0.08/turn               (no ring)

@: no status effects
A: condensation shield
a: Renounce Religion, Berserk


You were on level 1 of the Dungeon.
You worshipped Trog.
Trog was aware of your devotion.
You visited 1 branch of the dungeon, and saw 1 of its levels.

You collected 22 gold pieces.

Inventory:

Hand Weapons
 a - a +0 hand axe (weapon)
Missiles
 d - 25 arrows
Armour
 b - a +0 animal skin (worn)
Scrolls
 c - a scroll of amnesia {unknown}


   Skills:
 + Level 3.1 Fighting
 + Level 2.8 Axes
 + Level 2.0 Armour
 + Level 2.0 Dodging


You had one spell level left.
You didn't know any spells.
Your spell library was empty.

Dungeon Overview and Level Annotations

Branches:
Dungeon (1/15)

Altars:


Innate Abilities, Weirdness & Mutations

A meltable shield of frost defends you. (SH +4)


Message History

You hit the hobgoblin but do no damage. The hobgoblin hits you.
The hobgoblin barely misses you.
You barely miss the hobgoblin. The hobgoblin closely misses you.
You closely miss the hobgoblin. The hobgoblin hits you.
You hit the hobgoblin.
The hobgoblin is severely wounded.
The hobgoblin hits you.
You slash the hobgoblin!
You kill the hobgoblin!
Trog accepts your kill.
No target in view!
No target in view!
HP restored.
You now have 9 gold pieces.
You now have 22 gold pieces (gained 13).
Found a leather armour.
No target in view!
You see here a +0 leather armour.
A ball python comes into view.
Found 12 gold pieces.
The ball python hisses angrily.
The ball python moves out of view.
No target in view!
No target in view!
No target in view!
No target in view!
Found a brown potion.
A ball python is nearby!
You hit the ball python.
The ball python is moderately wounded.
The ball python bites you. The ball python closely misses you.
You hit the ball python.
You kill the ball python!
Trog accepts your kill.
Your Armour skill increases to level 2!
Your Dodging skill increases to level 2!
You have reached level 2!
Your demonic ancestry asserts itself...
Frost condenses into a shield before you.
Are you sure you want to abandon this character and quit the game? (Confirm with "yes".)

#'####...## ...#
####.##. #######
...# ##.#.# #.!...#
#'### #.##.##....$#
....##
##.#..#.....#
.....# #.#........#
.<...+ #...#......#
.....# #.#.#......#
....##
##.#.#.@....# #+###
#.## #.###### ...#
##.# #.# ...#
####.## #.#
#'####...## #.###
......#### #...#
#################.#
....[.........###.#
#############.....#


There were no monsters in sight!

Vanquished Creatures
  A dart slug (D:1)
  2 hobgoblins (D:1)
  2 ball pythons (D:1)
  A bat (D:1)
6 creatures vanquished.

Notes
Turn   | Place    | Note
-------+----------+-------------------------------------------
     0 | D:1      | knot the Demonspawn Berserker began the quest for the Orb.
     0 | D:1      | Reached XP level 1. HP: 18/18 MP: 1/1
   957 | D:1      | Gained mutation: A meltable shield of frost defends you.
                  | (SH +4) [demonic ancestry]
   957 | D:1      | Reached XP level 2. HP: 23/24 MP: 2/2
   957 | D:1      | Quit the game

Illustrated notes

Levels and vault maps discovered:
D:1:      dpeg_arrival_another_circle, layout_rooms, serial_shops,
          nicolae_square_shop, minmay_split_cup_small

Skill      XL: |  1 |
---------------+----+-----
Armour         | 2 |  2.0
Dodging        | 2 |  2.0
Fighting       | |  3.1
Axes           | |  2.8

Action                   || total
-------------------------++-------
Melee: Hand axe          ||    20
Armor: Animal skin       ||     3
Dodge: Dodged            ||    18

Table legend: (Time is in decaauts)
 A = Elapsed time spent in this place.
 B = Non-inter-level travel time spent in this place.
 C = Inter-level travel time spent in this place.
 D = Time resting spent in this place.
 E = Time spent auto-exploring this place.
 F = Levels seen in this place.
 G = Mean time per level.
                   A        B        C        D        E       F      G
               +--------+--------+--------+--------+--------+-----+--------+
         Total |    960 |    960 |      0 |    698 |    219 |   1 |  960.0 |
       Dungeon |    960 |    960 |      0 |    698 |    219 |   1 |  960.0 |
               +--------+--------+--------+--------+--------+-----+--------+

Top non-repeatable levels by time:
     D:1: 960 daAuts
